[Event "*** Titled Tuesday Blitz"]
[Site "Chess.com"]
[Date "2021.03.09"]
[Round "6"]
[White "DrCeltic"]
[Black "Chessmasterzt"]
[Result "0-1"]
[WhiteElo "2477"]
[BlackElo "2629"]
[TimeControl "180+1"]
[EndTime "11:14:10 PST"]
[Termination "Chessmasterzt won on time"]

1. e4 c5 2. Nf3 Nc6 3. d4 cxd4 4. Nxd4 g6 5. Nc3 Bg7 6. Be3 Nf6 7. Bc4 Qa5 8. O-O O-O 9. h3 Qb4 10. Bb3 e6 11. a3 Qe7 12. Ndb5 d5 13. exd5 Nxd5 14. Nxd5 exd5 15. Nd4 Be6 16. Re1 Qf6 17. c3 a6 18.
Qd2 Nxd4 19. Bxd4 Qf5 20. Bxg7 Kxg7 21. Qd4+ Kg8 22. Rad1 Rfd8 23. Re5 Qf6 24. Bxd5 Rac8 25. c4 Bxd5 26. Rxd5 Qxd4 27. R1xd4 Rxd5 28. cxd5 Kf8 29. Kf1 Rc2 30. Rb4 b5 31. a4 bxa4 32. Rxa4 Rxb2 33. Rxa6 Rd2 34. Ra5 Ke7 35. Ke1 Rd4 36. Ke2 Kd6 37. Ra7 Rf4 38. Ra5 Rf5 39. g4 Rxd5 40. Ra7 Ke6 41. f4 h5 42. Ke3 Rb5 43. Ra6+ Ke7 44. Ra3 Kf6 45. Kf3 hxg4+ 46. hxg4 g5 47. Ra6+ Kg7 48.
fxg5 Rxg5 49. Kf4 Rg6 50. Ra7 Rf6+ 51. Kg5 Re6 52. Ra5 Rb6 53. Kh4 Rg6 54. Rf5 Re6 55. Rd5 Kf6 56. Rf5+ Kg6 57. Rd5 Rf6 58. Rg5+ Kh6 59.
Rd5 Kg6 60. Rg5+ Kh7 61. Rh5+ Kg7 62. Rg5+ Kf8 63. Rd5 Rh6+ 64. Kg5 Rg6+ 65. Kf4 Kg7 66. Rf5 Ra6 67. Kg5 f6+ 68. Kh5 Ra1 69. Kh4 Rh1+ 70.
Kg3 Rg1+ 71. Kh4 Ra1 72. Rb5 Kg6 73. Rb3 Rh1+ 74. Kg3 Rg1+ 75. Kh4 Rc1 76. Rf3 Rc8 77.
Kg3 Rh8 78. Re3 Rd8 79. Rf3 Rd4 80. Re3 Rc4 81. Rf3 Rb4 82. Re3 Kg5 83. Rf3 Rxg4+ 84.
Kh3 Rh4+ 85. Kg3 Rg4+ 86. Kh3 Rf4 87. Rg3+ Kf5 88. Rb3 Re4 89. Kg3 Kg5 90. Rb5+ f5 91.
Rb3 Ra4 92. Kf3 Rg4 93. Rb8 Rf4+ 94. Kg3 Rg4+ 95. Kf3 Rf4+ 96. Kg3 Ra4 97. Rf8 Kg6 98. Rg8+ Kf7 99. Rc8 Kf6 100. Rc6+ Ke5 101. Rc8 Ra3+ 102. Kf2 Kf4 103. Rc4+ Kg5 104. Rc5 Rb3 105. Rc4 Ra3 106. Rc5 Kg4 107. Rc4+ f4 108. Rc2 Rh3 109. Kg2 f3+ 110. Kg1 Kg3 111. Rc8 f2+ 112. Kf1 Rh1+ 113. Ke2 f1=Q+ 0-1

[Event "*** Titled Tuesday Blitz"]
[Site "Chess.com"]
[Date "2021.03.09"]
[Round "7"]
[White "barbara25"]
[Black "Sychev_Klementy"]
[Result "0-1"]
[WhiteElo "2290"]
[BlackElo "2865"]
[TimeControl "180+1"]
[EndTime "11:16:31 PST"]
[Termination "Sychev_Klementy won by resignation"]

1. e4 Nf6 2. e5 Nd5 3. d4 d6 4. Bc4 Nb6 5. Bd3 g6 6. Nf3 Bg7 7. O-O O-O 8. Re1 c5 9. exd6 exd6 10. dxc5 dxc5 11. Nc3 Nc6 12. Be3 c4 13. Be2 Bf5 14. Qc1 Re8 15. a3 Rc8 16. Bxb6 Qxb6 17. Bxc4 Rxe1+ 18. Nxe1 Nd4 19. Bd3 Bxd3 20. Nxd3 Rxc3 0-1

[Event "*** Titled Tuesday Blitz"]
[Site "Chess.com"]
[Date "2021.03.09"]
[Round "7"]
[White "Faqade"]
[Black "ri4mi"]
[Result "1-0"]
[WhiteElo "2624"]
[BlackElo "2428"]
[TimeControl "180+1"]
[EndTime "11:16:47 PST"]
[Termination "Faqade won by resignation"]

1. c4 e6 2. Nf3 d5 3. e3 c6 4. Nc3 f5 5. b3 Nf6 6. Bb2 Bd6 7. cxd5 exd5 8. g3 O-O 9. Bg2 b6 10.
Ne2 Ba6 11. Qc2 Bxe2 12. Kxe2 Ne4 13. d3 Nc5 14. Rhd1 a5 15. Nd4 f4 16. gxf4 Qh4 17. Rg1 Nba6 18. Nxc6 Qh5+ 19. Bf3 1-0

[Event "*** Titled Tuesday Blitz"]
[Site "Chess.com"]
[Date "2021.03.09"]
[Round "7"]
[White "Bodnar_Mykola"]
[Black "Vyacheslav_N"]
[Result "1-0"]
[WhiteElo "2486"]
[BlackElo "2356"]
[TimeControl "180+1"]
[EndTime "11:17:15 PST"]
[Termination "Bodnar_Mykola won by resignation"]

1. d4 e6 2. c4 f5 3. g3 Nf6 4. Bg2 c6 5. Nc3 Be7 6. Nh3 d6 7. O-O O-O 8. Ng5 d5 9. b3 a5 10.
a4 Na6 11. Ba3 Nb4 12. Nf3 Ne4 13. Rc1 Bd6 14. Nxe4 dxe4 15. Ne5 c5 16. e3 Bxe5 17. dxe5 Qc7 18. Bxb4 Rd8 19. Bd2 Qxe5 20. Qe2 1-0

[Event "*** Titled Tuesday Blitz"]
[Site "Chess.com"]
[Date "2021.03.09"]
[Round "7"]
[White "nrvisakh"]
[Black "SerGo055"]
[Result "1-0"]
[WhiteElo "2768"]
[BlackElo "2592"]
[TimeControl "180+1"]
[EndTime "11:17:21 PST"]
[Termination "nrvisakh won by checkmate"]

1. e4 d5 2. exd5 Qxd5 3. Nf3 Nf6 4. Nc3 Qd8 5. d4 c6 6. Bg5 Bf5 7. Bd3 Bg6 8. Qe2 e6 9. O-O-O Nbd7 10. d5 cxd5 11. Nxd5 Qa5 12. Bxg6 hxg6 13. Bxf6 Nxf6 14. Nxf6+ gxf6 15. Nd4 Qxa2 16. Qb5+ Ke7 17. Nf5+ gxf5 18.
Qd7# 1-0

[Event "*** Titled Tuesday Blitz"]
[Site "Chess.com"]
[Date "2021.03.09"]
[Round "7"]
[White "Ladislav1969"]
[Black "cukin84"]
[Result "1-0"]
[WhiteElo "2328"]
[BlackElo "2122"]
[TimeControl "180+1"]
[EndTime "11:17:31 PST"]
[Termination "Ladislav1969 won by checkmate"]

1. e4 c6 2. d4 d5 3. e5 c5 4.
dxc5 e6 5. Be3 Nd7 6. Nf3 Bxc5 7.
Bxc5 Nxc5 8. Nbd2 Ne7 9. Nb3 Nxb3 10. axb3 O-O 11. Bd3 Qc7 12. O-O Ng6 13. Re1 f6 14. Bxg6 hxg6 15. Qd3 f5 16. Ng5 Qe7 17. f4 Qc5+ 18.
Kh1 Qf2 19. Qh3 Rd8 20. Qh7+ Kf8 21. Qh8+ Ke7 22. Qxg7+ Ke8 23. Qf7# 1-0

[Event "*** Titled Tuesday Blitz"]
[Site "Chess.com"]
[Date "2021.03.09"]
[Round "7"]
[White "Speed-O-Sonic"]
[Black "Brave_spirit12"]
[Result "0-1"]
[WhiteElo "2335"]
[BlackElo "2586"]
[TimeControl "180+1"]
[EndTime "11:17:37 PST"]
[Termination "Brave_spirit12 won by resignation"]

1. d4 Nf6 2. Bg5 c5 3. d5 e6 4. Nc3 exd5 5. Nxd5 Be7 6. Nxe7 Qxe7 7. e3 O-O 8. Bd3 d5 9. Nf3 Nc6 10. O-O h6 11. Bh4 Bg4 12. h3 Bh5 13. g4 Bg6 14.
Bxg6 fxg6 15. Bxf6 Qxf6 16. Qxd5+ Kh7 17. Kg2 Rad8 18. Qe4 Rde8 19. Qd5 Nb4 20. Qxb7 Re7 21. Qxe7 Qxe7 22. c3 Nc2 23. Rac1 Qe4 0-1

[Event "*** Titled Tuesday Blitz"]
[Site "Chess.com"]
[Date "2021.03.09"]
[Round "7"]
[White "onnoelgersma"]
[Black "lelya96"]
[Result "1-0"]
[WhiteElo "2393"]
[BlackElo "2255"]
[TimeControl "180+1"]
[EndTime "11:18:24 PST"]
[Termination "onnoelgersma won by resignation"]

1. e4 e5 2. Nf3 Nc6 3. Nc3 Nf6 4. Bb5 Bb4 5. Bxc6 bxc6 6. d3 d6 7. O-O h6 8. Ne2 c5 9. Ng3 O-O 10. a4 Ba5 11. Qe2 Qe7 12. Nh4 Nh7 13. Nhf5 Qf6 14. Nh5 Qh4 15. Nhxg7 Bxf5 16. Nxf5 Qf6 17. Bxh6 1-0

[Event "*** Titled Tuesday Blitz"]
[Site "Chess.com"]
[Date "2021.03.09"]
[Round "7"]
[White "Fiona"]
[Black "floplover"]
[Result "0-1"]
[WhiteElo "2199"]
[BlackElo "2308"]
[TimeControl "180+1"]
[EndTime "11:18:27 PST"]
[Termination "floplover won by resignation"]

1. e4 c6 2. d4 d5 3. exd5 Qxd5 4. Nf3 Nf6 5. Be2 Bf5 6. c4 Qa5+ 7. Nc3 e6 8. O-O Bd6 9. a3 Nbd7 10. Bg5 Ne4 11.
Nxe4 Bxe4 12. b4 Qf5 13. Bh4 O-O 14. Bg3 Bxg3 15. hxg3 e5 16. Nxe5 Nxe5 17. dxe5 Rad8 18. Qb3 Qxe5 19. Bf3 Rd3 20. Qa4 Rxf3 21. gxf3 Bxf3 0-1

[Event "*** Titled Tuesday Blitz"]
[Site "Chess.com"]
[Date "2021.03.09"]
[Round "7"]
[White "Zmeeed63"]
[Black "GM_Huschenbeth"]
[Result "0-1"]
[WhiteElo "2453"]
[BlackElo "2619"]
[TimeControl "180+1"]
[EndTime "11:18:30 PST"]
[Termination "GM_Huschenbeth won by resignation"]

1. d4 Nf6 2. c4 e6 3. Nc3 Bb4 4. f3 O-O 5. e4 c5 6. d5 b5 7. e5 exd5 8. exf6 d4 9. Ne2 Qxf6 10.
Bd2 dxc3 11. bxc3 Ba5 12. cxb5 d5 13. g3 Qxf3 14. Rg1 Re8 15. Bg2 Qh5 16. Rf1 Bg4 17. Rf2 Qxh2 18. Qa4 Qxg3 19. Kf1 Bxe2+ 20. Kg1 Bb6 21.
Re1 c4 0-1

[Event "*** Titled Tuesday Blitz"]
[Site "Chess.com"]
[Date "2021.03.09"]
[Round "7"]
[White "Slovak_fighter2000"]
[Black "Pelopidass"]
[Result "0-1"]
[WhiteElo "2420"]
[BlackElo "2564"]
[TimeControl "180+1"]
[EndTime "11:18:30 PST"]
[Termination "Pelopidass won by resignation"]

1. d4 Nf6 2. c4 e6 3. Nf3 Bb4+ 4.
Bd2 Qe7 5. g3 O-O 6. Bg2 Bxd2+ 7. Nbxd2 d6 8. O-O e5 9. d5 Nbd7 10. e4 a5 11. Ne1 Nc5 12. Qe2 Bd7 13. Nd3 Rfb8 14. Nxc5 dxc5 15. h3 b5 16. cxb5 Bxb5 17. Nc4 Bxc4 18. Qxc4 Rxb2 19. Rfc1 Nd7 20. Rab1 Rb4 21.
Qc3 Rab8 22. Qd3 c4 23. Qc2 Rxb1 24. Rxb1 Rxb1+ 25. Qxb1 Qb4 26. Qc1 c3 27. Bf1 Qb2 28.
Qxb2 cxb2 29. Bd3 Nc5 30. Bc2 Na4 0-1

[Event "*** Titled Tuesday Blitz"]
[Site "Chess.com"]
[Date "2021.03.09"]
[Round "7"]
[White "GoltsevDmitry2000"]
[Black "Gulkov_Igor"]
[Result "0-1"]
[WhiteElo "2690"]
[BlackElo "2543"]
[TimeControl "180+1"]
[EndTime "11:18:37 PST"]
[Termination "Gulkov_Igor won by checkmate"]

1. e4 c5 2. Nf3 d6 3. d4 cxd4 4. Nxd4 Nf6 5. Nc3 a6 6. Be2 e6 7. O-O Qc7 8. Be3 b5 9. a3 Bb7 10. Bf3 Nbd7 11. Nb3 Be7 12. g3 O-O 13. h3 Ne5 14.
Bg2 Nc4 15. Bc1 Rfd8 16. Nd4 d5 17. exd5 Nxd5 18. Nxd5 Bxd5 19. Bxd5 Rxd5 20. Qg4 Bf6 21. Nxe6 fxe6 22. Qxe6+ Qf7 23. Qc6 Rad8 24. Qxa6 Qh5 25. Kh2 Nd2 26. Bxd2 Rxd2 27. c4 Qf3 28. Kg1 Bd4 29.
Qe6+ Kh8 30. Qe1 Qxg3+ 31. Kh1 Qxh3+ 32. Kg1 Qg4+ 33. Kh1 Rd3 34. f3 Qh3# 0-1

[Event "*** Titled Tuesday Blitz"]
[Site "Chess.com"]
[Date "2021.03.09"]
[Round "7"]
[White "Magila31"]
[Black "niki_2003"]
[Result "1-0"]
[WhiteElo "2219"]
[BlackElo "2038"]
[TimeControl "180+1"]
[EndTime "11:18:44 PST"]
[Termination "Magila31 won by resignation"]

1. d4 Nf6 2. c4 e6 3. Nc3 d5 4. cxd5 exd5 5. Bg5 c6 6. e3 Be7 7. Qc2 h6 8. Bf4 O-O 9. Bd3 Nh5 10. Be5 Bf6 11. O-O-O Nd7 12. f4 Nxe5 13. dxe5 Be7 14. Bf5 Bxf5 15. Qxf5 g6 16. Qh3 Kh7 17. Nf3 f5 18. Nd4 c5 19. Ne6 Qb6 20. Nxf8+ Rxf8 21. Nxd5 Qe6 22. Kb1 Re8 23. Qf3 Rc8 24. h3 Bf8 25. g4 Ng7 26. Nf6+ Kh8 27. Qd5 Qxd5 28. Rxd5 h5 29.
g5 c4 30. Rhd1 Be7 31. Rd7 Bxf6 32. exf6 Ne6 33. Re7 1-0

[Event "*** Titled Tuesday Blitz"]
[Site "Chess.com"]
[Date "2021.03.09"]
[Round "7"]
[White "stoleriu"]
[Black "kakakz"]
[Result "1-0"]
[WhiteElo "2610"]
[BlackElo "2418"]
[TimeControl "180+1"]
[EndTime "11:18:55 PST"]
[Termination "stoleriu won by resignation"]

1. e4 e6 2. d4 d5 3. Nc3 Bb4 4. exd5 exd5 5. Bd3 Nc6 6. a3 Bxc3+ 7. bxc3 Nge7 8. Qh5 Be6 9. Ne2 Qd7 10. Rb1 O-O-O 11.
O-O g6 12. Qh4 Bf5 13. Bg5 Bxd3 14. cxd3 Nf5 15. Qh3 Rde8 16. Nf4 f6 17. Bxf6 Rhf8 18. Be5 Nxe5 19. dxe5 Rxe5 20. d4 Re7 21. Nd3 Nd6 22.
Qh6 b6 23. Qxf8+ 1-0

[Event "*** Titled Tuesday Blitz"]
[Site "Chess.com"]
[Date "2021.03.09"]
[Round "7"]
[White "Chernov_Mikhail"]
[Black "AlexSuv"]
[Result "1-0"]
[WhiteElo "2409"]
[BlackElo "2508"]
[TimeControl "180+1"]
[EndTime "11:18:58 PST"]
[Termination "Chernov_Mikhail won by resignation"]

1. e4 c5 2. Nf3 e6 3. d4 cxd4 4. Nxd4 Nc6 5. Be2 Nf6 6. Nc3 Bb4 7. O-O d5 8. exd5 exd5 9. Bg5 Bxc3 10. bxc3 O-O 11.
Bd3 h6 12. Bh4 Qd6 13. Nb5 Qf4 14. Bg3 Qg4 15. Be2 Qg6 16. Nc7 Rb8 17. Nxd5 Nxd5 18. Qxd5 Be6 19. Qf3 Rbd8 20. Bd3 Qg5 21. Rab1 Bc8 22.
Qe4 g6 23. Bh4 Qf6 24. Bxf6 1-0

[Event "*** Titled Tuesday Blitz"]
[Site "Chess.com"]
[Date "2021.03.09"]
[Round "7"]
[White "IMAghasiyevKamal"]
[Black "Fortitudine"]
[Result "1-0"]
[WhiteElo "2491"]
[BlackElo "2298"]
[TimeControl "180+1"]
[EndTime "11:19:00 PST"]
[Termination "IMAghasiyevKamal won by resignation"]

1. d4 Nf6 2. c4 c5 3. d5 b5 4. cxb5 a6 5. b6 Qxb6 6. Nc3 g6 7. e4 d6 8. Be2 Bg7 9. Nf3 O-O 10.
O-O a5 11. e5 Ne8 12. Bf4 Qxb2 13. Nb5 Qb4 14. Qc1 Ba6 15. a4 Bxb5 16. Bxb5 Nc7 17. Rb1 Qe4 18. Re1 Qxd5 19. exd6 exd6 20. Rd1 Bd4 21. Nxd4 cxd4 22. Qxc7 1-0

[Event "*** Titled Tuesday Blitz"]
[Site "Chess.com"]
[Date "2021.03.09"]
[Round "7"]
[White "KetiGrant"]
[Black "tgpgoat"]
[Result "1-0"]
[WhiteElo "2346"]
[BlackElo "2179"]
[TimeControl "180+1"]
[EndTime "11:19:13 PST"]
[Termination "KetiGrant won by checkmate"]

1. e4 c5 2. Nf3 Nc6 3. d4 cxd4 4. Nxd4 e6 5. Nc3 a6 6. Nxc6 bxc6 7. Bd3 d5 8. O-O Nf6 9. Re1 Be7 10. e5 Nd7 11. Qg4 Kf8 12. Na4 c5 13. c4 Bb7 14. b3 d4 15. Nb2 Qc7 16. Bf4 h5 17. Qe2 g5 18.
Bd2 Kg7 19. Be4 Rag8 20. Nd3 Kf8 21. a3 g4 22. b4 Bxe4 23. Qxe4 cxb4 24. axb4 Qxc4 25.
Rec1 Qd5 26. Qxd5 exd5 27. Rxa6 Kg7 28. Ra7 Nxe5 29. Nxe5 Bf6 30. Rxf7# 1-0

[Event "*** Titled Tuesday Blitz"]
[Site "Chess.com"]
[Date "2021.03.09"]
[Round "7"]
[White "NefeLV"]
[Black "PawnEatingZombie"]
[Result "0-1"]
[WhiteElo "1839"]
[BlackElo "2233"]
[TimeControl "180+1"]
[EndTime "11:19:14 PST"]
[Termination "PawnEatingZombie won by resignation"]

1. e4 c6 2. d4 d5 3. Nc3 dxe4 4. Nxe4 Bf5 5. Ng3 Bg6 6. Nf3 Nd7 7. h4 h6 8. c4 e6 9. h5 Bh7 10. Bd3 Bxd3 11. Qxd3 Ngf6 12. Bd2 Be7 13. O-O-O Qb6 14. Ne5 Rd8 15. f4 Nxe5 16. fxe5 Ng4 17. c5 Nxe5 18.
Qc3 Qa6 19. dxe5 Qxa2 20. Be3 O-O 21. Qc2 Rd5 22. b4 Qa3+ 23. Qb2 Qxe3+ 24. Kb1 Qxg3 0-1

[Event "*** Titled Tuesday Blitz"]
[Site "Chess.com"]
[Date "2021.03.09"]
[Round "7"]
[White "ViktoriyaTarasova"]
[Black "IANOV0007"]
[Result "0-1"]
[WhiteElo "2321"]
[BlackElo "2489"]
[TimeControl "180+1"]
[EndTime "11:19:16 PST"]
[Termination "IANOV0007 won by resignation"]

1. d4 d6 2. c4 g6 3. e4 Bg7 4. Nc3 c5 5. d5 e6 6. Bd3 Ne7 7.
Nge2 a6 8. a4 Nd7 9. f4 exd5 10.
cxd5 O-O 11. O-O f5 12. Ng3 Rb8 13. Re1 Kh8 14. Be3 Nf6 15. h3 fxe4 16. Ngxe4 Nfxd5 17. Bd2 Nxf4 18. Bc2 Nc6 19. Rf1 Be5 20. Ne2 Nxe2+ 21. Qxe2 Bf5 22. Bd3 Nd4 23. Qd1 c4 24. Bb1 Nb3 25. Ra3 d5 26. Bg5 Qb6+ 27. Nf2 Bxb1 28. Qxb1 Bd4 29. Bh4 Nd2 0-1

[Event "*** Titled Tuesday Blitz"]
[Site "Chess.com"]
[Date "2021.03.09"]
[Round "7"]
[White "atbenina64"]
[Black "Lagmantr"]
[Result "0-1"]
[WhiteElo "2522"]
[BlackElo "2723"]
[TimeControl "180+1"]
[EndTime "11:19:18 PST"]
[Termination "Lagmantr won by resignation"]

1. Nf3 d5 2. c4 d4 3. b4 g5 4. Bb2 Bg7 5. Nxg5 e5 6. Ne4 f5 7. Nc5 b6 8. Qa4+ c6 9. Nd3 Ne7 10.
Na3 O-O 11. f4 e4 12. Ne5 Ng6 13. Nxg6 hxg6 14. O-O-O a5 15. b5 Nd7 16. e3 d3 17.
Re1 Nc5 18. Qd1 Bxb2+ 19. Kxb2 Qf6+ 20. Kb1 cxb5 21. Nxb5 Be6 22. Qc1 Rfc8 23. Nd4 Na4 24. g4 Rxc4 25. Qa3 Rac8 26. gxf5 Rb4+ 27. Ka1 Rxd4 28.
exd4 Qxd4+ 29. Kb1 Rc2 30. fxe6 Rb2+ 31. Kc1 Rb4 0-1

[Event "*** Titled Tuesday Blitz"]
[Site "Chess.com"]
[Date "2021.03.09"]
[Round "7"]
[White "ljuks68"]
[Black "Mr_Sinigami"]
[Result "1-0"]
[WhiteElo "2451"]
[BlackElo "2578"]
[TimeControl "180+1"]
[EndTime "11:19:19 PST"]
[Termination "ljuks68 won by resignation"]

1. e4 d5 2. exd5 Nf6 3. d4 Nxd5 4. c4 Nb6 5. Nf3 g6 6. Nc3 Bg7 7.
c5 Nd5 8. Bc4 c6 9. O-O O-O 10.
Re1 e6 11. Bg5 Qc7 12. Bh4 b6 13. Bg3 Qb7 14. Be5 Nd7 15. Bxg7 Kxg7 16. cxb6 axb6 17.
Ne5 b5 18. Bxd5 cxd5 19. Qd2 b4 20. Ne2 Nf6 21. Ng3 Qb6 22. h4 h5 23. Re3 Bb7 24. Rf3 Ne4 25. Qf4 Qd8 26. Nxf7 Qf6 27. Qh6+ Kxf7 28.
Qh7+ Ke8 29. Rxf6 1-0

[Event "*** Titled Tuesday Blitz"]
[Site "Chess.com"]
[Date "2021.03.09"]
[Round "7"]
[White "Semen_Khanin"]
[Black "Blazinq"]
[Result "1-0"]
[WhiteElo "2843"]
[BlackElo "2626"]
[TimeControl "180+1"]
[EndTime "11:19:20 PST"]
[Termination "Semen_Khanin won by resignation"]

1. e4 c5 2. Nf3 d6 3. d4 cxd4 4.
Nxd4 Nf6 5. Nc3 a6 6. f3 e5 7. Nb3 h5 8. Bg5 Be6 9. Qd2 Nbd7 10.
O-O-O Rc8 11. h4 Be7 12. Kb1 Nb6 13. Bxf6 Bxf6 14. Qxd6 Bxh4 15. Qb4 Nd7 16. Qxb7 O-O 17. Bxa6 Rb8 18. Qc6 Rb6 19. Qa4 Qa8 20. Bb5 Qxa4 21.
Bxa4 Ra8 22. Bxd7 Bxd7 23. Rxd7 1-0

[Event "*** Titled Tuesday Blitz"]
[Site "Chess.com"]
[Date "2021.03.09"]
[Round "7"]
[White "juancruzarias"]
[Black "schondeln"]
[Result "0-1"]
[WhiteElo "2547"]
[BlackElo "2409"]
[TimeControl "180+1"]
[EndTime "11:19:25 PST"]
[Termination "schondeln won by resignation"]

1. d4 d5 2. e4 dxe4 3. Nc3 e5 4. dxe5 Qxd1+ 5. Nxd1 Nc6 6. Bb5 Bd7 7. Bxc6 Bxc6 8. Bf4 O-O-O 9. Ne2 Ne7 10. Ne3 Ng6 11. Bg3 Bc5 12. h4 Rhe8 13. h5 Nxe5 14. h6 g6 15. Rd1 Rxd1+ 16. Kxd1 Bxe3 17. fxe3 Nc4 18. Bf4 Nxb2+ 19.
Kc1 Nc4 20. Nd4 Bd7 21. Rf1 f5 22. Rd1 c5 23. Ne2 b6 24. Ng1 Be6 25. Nh3 Rd8 26. Rxd8+ Kxd8 27. Ng5 Bg8 28. c3 Kd7 29. Kc2 Kc6 30.
a4 a5 31. Bb8 Nxe3+ 0-1

[Event "*** Titled Tuesday Blitz"]
[Site "Chess.com"]
[Date "2021.03.09"]
[Round "7"]
[White "vinniethepooh"]
[Black "BrandonJacobson"]
[Result "0-1"]
[WhiteElo "2717"]
[BlackElo "2926"]
[TimeControl "180+1"]
[EndTime "11:19:39 PST"]
[Termination "BrandonJacobson won by resignation"]

1. d4 Nf6 2. c4 e6 3. Nc3 d5 4.
cxd5 exd5 5. Bg5 c6 6. e3 h6 7. Bh4 Be7 8. Bd3 O-O 9. Nge2 Re8 10. O-O Ne4 11. Bxe7 Qxe7 12. Ng3 Nxg3 13. hxg3 Nd7 14. Re1 Nf6 15. Qc2 Be6 16. Rab1 h5 17. b4 a6 18. a4 Rec8 19. Ne2 Bd7 20. Rec1 Ng4 21. Bf5 Qf6 22. Bxg4 hxg4 23. Nf4 g5 24. Nd3 Bf5 25. Kf1 Kg7 26. Ke2 Be4 27. Rg1 Rh8 28. b5 cxb5 29. axb5 a5 30. Qc7 Rac8 0-1

[Event "*** Titled Tuesday Blitz"]
[Site "Chess.com"]
[Date "2021.03.09"]
[Round "7"]
[White "andriipalchuk"]
[Black "Alexsur1981"]
[Result "0-1"]
[WhiteElo "2584"]
[BlackElo "2835"]
[TimeControl "180+1"]
[EndTime "11:19:40 PST"]
[Termination "Alexsur1981 won by resignation"]

1. d4 d6 2. c4 e5 3. Nc3 Nc6 4. dxe5 dxe5 5. Qxd8+ Nxd8 6. Nf3 f6 7. g3 c6 8. Bg2 Ne6 9. O-O Bd7 10. Rd1 O-O-O 11.
b3 Kc7 12. Bh3 Nc5 13. Bxd7 Rxd7 14. Be3 b6 15. Bxc5 Bxc5 16. Rxd7+ Kxd7 17. Rd1+ Kc7 18. Ne4 Be7 19. g4 Nh6 20. h3 Nf7 21. e3 a5 22. Kf1 a4 23. h4 Ra8 24. Ng3 axb3 25.
axb3 Ra3 26. Rb1 Ra2 27. h5 Bf8 28. Ke1 Nh6 29. Nh2 Bc5 30. b4 Bxe3 0-1

[Event "*** Titled Tuesday Blitz"]
[Site "Chess.com"]
[Date "2021.03.09"]
[Round "7"]
[White "bsnsun"]
[Black "pavelalexandru07"]
[Result "1-0"]
[WhiteElo "2460"]
[BlackElo "2307"]
[TimeControl "180+1"]
[EndTime "11:19:40 PST"]
[Termination "bsnsun won on time"]

1. Nf3 c5 2. c4 Nf6 3. g3 g6 4. Nc3 a6 5. Bg2 Bg7 6. a3 d5 7. cxd5 Nxd5 8. O-O O-O 9. Qc2 Nxc3 10. bxc3 Nc6 11. d3 Qc7 12. Rb1 Rd8 13. Be3 b6 14.
Bf4 e5 15. Nxe5 Bxe5 16. Bxe5 Nxe5 17. Bxa8 Bh3 18. Bg2 Bxg2 19. Kxg2 Qc6+ 20. Kg1 b5 21. c4 bxc4 22. dxc4 Rd4 23. Rfd1 Rxc4 24. Rb8+ Kg7 25. Qb2 f6 26. Qb7+ Qxb7 27. Rxb7+ Kh6 28. Rb6 f5 29. Rxa6 Rc2 30. Kf1 Ng4 31. h3 Ne5 32. a4 Nc4 33. Rc6 Nb2 34. Ra1 c4 35. a5 f4 36. a6 fxg3 37. fxg3 Rd2 38. a7 1-0

[Event "*** Titled Tuesday Blitz"]
[Site "Chess.com"]
[Date "2021.03.09"]
[Round "7"]
[White "tylityli"]
[Black "mary-sanna"]
[Result "1-0"]
[WhiteElo "2242"]
[BlackElo "2059"]
[TimeControl "180+1"]
[EndTime "11:19:40 PST"]
[Termination "tylityli won by resignation"]

1. d4 d5 2. c4 e6 3. Nc3 c5 4. cxd5 exd5 5. Nf3 Nc6 6. g3 Nf6 7. Bg2 cxd4 8. Nxd4 Bc5 9. Nb3 Bb6 10. Nxd5 O-O 11.
O-O Be6 12. e4 Bg4 13. Nxf6+ Qxf6 14. Qxg4 Nb4 15. Qf5 Qe7 16. Bg5 f6 17. Bf4 g6 18.
Qb5 Kg7 19. a3 Nc2 20. Rac1 Rac8 21. e5 fxe5 22. Bxe5+ Kh6 23. Bf4+ Kg7 24. Qe5+ Qf6 25. Qxf6+ Rxf6 26. Bxb7 1-0

[Event "*** Titled Tuesday Blitz"]
[Site "Chess.com"]
[Date "2021.03.09"]
[Round "7"]
[White "TST2014"]
[Black "NiranjanNavalgund"]
[Result "1-0"]
[WhiteElo "2614"]
[BlackElo "2448"]
[TimeControl "180+1"]
[EndTime "11:19:41 PST"]
[Termination "TST2014 won by resignation"]

1. d4 Nf6 2. c4 e6 3. Nf3 Bb4+ 4. Bd2 c5 5. Bxb4 cxb4 6. a3 bxa3 7. Rxa3 O-O 8. b4 b6 9. b5 Bb7 10. e3 a6 11.
bxa6 Rxa6 12. Be2 Qe7 13. Rb3 Nc6 14. c5 bxc5 15. Rxb7 Ra1 16. O-O cxd4 17. Nxd4 Nb4 18. Qb3 Nbd5 19. Nc3 Rxf1+ 20. Bxf1 Nxc3 21. Qxc3 Ne4 22. Qc2 f5 23. Bb5 Qb4 24. g3 h6 25. Rxd7 Kh7 26.
Bd3 Nc5 27. Rc7 Qe1+ 28. Kg2 Ne4 29. Bxe4 fxe4 30. Qxe4+ Kh8 31. Nf3 1-0

[Event "*** Titled Tuesday Blitz"]
[Site "Chess.com"]
[Date "2021.03.09"]
[Round "7"]
[White "BegmuratovKh2010"]
[Black "Kostukov_Alex"]
[Result "1-0"]
[WhiteElo "2540"]
[BlackElo "2313"]
[TimeControl "180+1"]
[EndTime "11:19:47 PST"]
[Termination "BegmuratovKh2010 won by checkmate"]

1. e4 c5 2. Nc3 g6 3. d3 Bg7 4. g3 Nc6 5. Bg2 e5 6. f4 Nge7 7. Nf3 O-O 8. O-O d6 9. Be3 Bg4 10. h3 Bxf3 11. Qxf3 Nd4 12. Qf2 f5 13. Qd2 Rb8 14. a4 Qa5 15. fxe5 dxe5 16. Nd5 Qxd2 17. Nxe7+ Kf7 18. Bxd2 Kxe7 19. exf5 gxf5 20. Bg5+ Ke6 21. c3 Nb3 22. Rae1 b5 23. axb5 Rxb5 24. Bd5+ Kd6 25. Bc4 Rb7 26. Bxb3 Rxb3 27. Ra1 Rf7 28. Ra6+ Kd5 29. c4+ Kd4 30. Rd6# 1-0

[Event "*** Titled Tuesday Blitz"]
[Site "Chess.com"]
[Date "2021.03.09"]
[Round "7"]
[White "Fandorine"]
[Black "Vugar_Manafov"]
[Result "1-0"]
[WhiteElo "2890"]
[BlackElo "2674"]
[TimeControl "180+1"]
[EndTime "11:19:48 PST"]
[Termination "Fandorine won by resignation"]

1. Nf3 Nf6 2. c4 e6 3. g3 d5 4. Bg2 Nbd7 5. b3 c6 6. O-O a5 7. Nc3 Bd6 8. Bb2 O-O 9. d4 dxc4 10. bxc4 e5 11. e3 Re8 12. h3 h6 13. a3 Qe7 14.
Qc2 Bc7 15. Rfe1 Rb8 16. Rad1 Kh8 17. Bc1 Nf8 18. Nxe5 Bxe5 19. dxe5 Qxe5 20. Bb2 Qe7 21. Ne2 Ng6 22. Nd4 Ne5 23. f4 Ned7 24. e4 Nc5 25. e5 Ng8 26. f5 Qg5 27. Qf2 Na4 28. Bc1 Qe7 29. f6 gxf6 30. exf6 Qxf6 31. Rxe8 1-0

[Event "*** Titled Tuesday Blitz"]
[Site "Chess.com"]
[Date "2021.03.09"]
[Round "7"]
[White "AldokhinIvan"]
[Black "Loy_Konstantin"]
[Result "1-0"]
[WhiteElo "2515"]
[BlackElo "2357"]
[TimeControl "180+1"]
[EndTime "11:19:48 PST"]
[Termination "AldokhinIvan won on time"]

1. e4 c5 2. Nf3 d6 3. d4 cxd4 4. Nxd4 Nf6 5. Nc3 g6 6. Bc4 Bg7 7. Bb3 O-O 8. h3 Nc6 9. Be3 Bd7 10. O-O Rc8 11. f4 a6 12. Nf3 Qc7 13. Qe1 b5 14.
Qh4 b4 15. Nd5 Nxd5 16. Bxd5 e6 17. Bb3 Na5 18. f5 Nxb3 19. f6 Nxa1 20. fxg7 Nxc2 21. gxf8=Q+ Rxf8 22. Bh6 Qc5+ 23. Kh1 Bb5 24. Qf6 1-0

[Event "*** Titled Tuesday Blitz"]
[Site "Chess.com"]
[Date "2021.03.09"]
[Round "7"]
[White "lachesisQ"]
[Black "ChessWarrior7197"]
[Result "1-0"]
[WhiteElo "3093"]
[BlackElo "2924"]
[TimeControl "180+1"]
[EndTime "11:19:52 PST"]
[Termination "lachesisQ won by resignation"]

1. e4 c6 2. d4 d5 3. e5 Bf5 4.
Nf3 e6 5. Be2 Ne7 6. O-O h6 7. c3 Nd7 8. Nbd2 Bh7 9. a4 Ng6 10. Nb3 Be7 11. Ne1 O-O 12. Nd3 b6 13. Be3 Qc7 14. g3 c5 15. Nd2 c4 16. Ne1 f6 17. f4 a6 18. Bf3 f5 19. h4 Bd8 20.
Ng2 Ne7 21. h5 Rb8 22. Bf2 Rf7 23. Ne3 Nf8 24. Bg2 b5 25. axb5 axb5 26. Ra6 b4 27. Qa4 bxc3 28. bxc3 Rb2 29. Ndxc4 dxc4 30. Nxc4 Rb8 31.
Nd6 Qxc3 32. Qe8 Rf6 33. exf6 gxf6 34. Qf7+ Kh8 35. Qxf6+ Kg8 36. Qf7+ Kh8 37. Qxf8+ 1-0